 Dungeon Crawl Stone Soup version 0.31-a0-358-gac0dbeb3ab (webtiles) character file.

Game seed: 6284890928028380969

156 Newt the Slasher (level 5, 0/42 HPs)
             Began as a Merfolk Fighter on July 26, 2023.
             Killed by divine providence
             ... invoked by an orc priest
              (16 damage)
             ... on level 3 of the Dungeon.
             The game lasted 00:02:15 (2195 turns).

Newt the Slasher (Merfolk Fighter)                  Turns: 2195, Time: 00:02:16

Health: 0/42       AC:  7    Str: 16    XL:     5   Next: 38%
Magic:  5/5        EV: 10    Int:  8    God:
Gold:   119        SH:  5    Dex: 15    Spells: 4/4 levels left

rFire   . . .        a - +0 long sword
rCold   . . .        c - +0 buckler
rNeg    . . .        b - +0 scale mail
rPois   .            (no helmet)
rElec   .            d - +0 cloak
rCorr   .            (no gloves)
SInv    .            (no boots)
Will    .....        (no amulet) Stlth
                     (no ring)
HPRegen 0.27/turn    (no ring)
MPRegen 0.09/turn

%: no passive effects
@: about to teleport
A: (nimble swimmer 2), mertail
a: no special abilities


You were on level 3 of the Dungeon.
You visited 1 branch of the dungeon, and saw 3 of its levels.

You collected 119 gold pieces.

Inventory:

Hand Weapons
 a - a +0 long sword (weapon)
Armour
 b - a +0 scale mail (worn)
 c - a +0 buckler (worn)
 d - a +0 cloak (worn)
Scrolls
 g - a scroll of identify {unknown}
 j - a scroll of teleportation
Potions
 e - a potion of enlightenment {unknown}
 f - 2 potions of attraction {unknown}
 h - 2 potions of heal wounds {unknown}


   Skills:
 - Level 4.0 Fighting
 + Level 4.6 Long Blades
 - Level 2.1 Armour
 - Level 4.0 Dodging
 - Level 3.0 Shields


You had 4 spell levels left.
You didn't know any spells.
Your spell library contained the following spells:

 Spells                   Type           Power      Damage    Failure   Level
 Freeze                   Ice            0%         1d3       90%         1
 Sandblast                Erth           0%         2d4       90%         1
 Blink                    Tloc           0%         N/A       97%         2
 Lesser Beckoning         Tloc           0%         N/A       97%         2
 Momentum Strike          Conj/Tloc      0%         3d8       97%         2
 Passwall                 Tmut/Erth      0%         N/A       97%         2
 Frozen Ramparts          Ice            0%         1d1       99%         3
 Hailstorm                Conj/Ice       0%         3d3       99%         3
 Stone Arrow              Conj/Erth      0%         3d7       99%         3


Dungeon Overview and Level Annotations

Branches:
Dungeon (3/15)

Altars:

Shops:
D:1 ((=


Innate Abilities, Weirdness & Mutations

((You are very nimble when in or above water. (Stealth+, EV+, Speed+++)))
Your lower body shifts to a powerful aquatic tail in water.


Message History

The goblin is moderately wounded.
The goblin misses you.
You hit the goblin.
You kill the goblin!
You block the ball python's attack. The ball python misses you.
Things that are here:
a +0 dagger; a goblin corpse You hit the ball python.
You kill the ball python!
No target in view!
No target in view!
No target in view!
No target in view!
No target in view!
No target in view!
No target in view!
f - 2 coppery potions (gained 1)
g - a scroll labelled QIASYS QUDY
j - 2 scrolls of teleportation (gained 1)
An orc comes into view. It is wielding a +0 mace.
The orc shouts!
An orc priest comes into view. It is wielding a +0 club.
Okay, then.
An orc priest comes into view. It is wielding a +0 hand axe.
The orc priest shouts!
You hit the orc but do no damage. You block the orc's attack.
You completely miss the orc. The orc misses you.
The orc priest invokes the aid of Beogh against you.
Beogh smites you!
The orc priest invokes the aid of Beogh against you.
Beogh smites you! The orc misses you.
You are too injured to fight recklessly!
You are too injured to fight recklessly!
You are too injured to fight recklessly!
As you read the scroll of teleportation, it crumbles to dust.
You feel strangely unstable. The orc barely misses you.
The orc attacks as you move away! You block the orc's attack.
The orc priest invokes the aid of Beogh against you.
Beogh smites you!
You die...

# ###
####.##.########.
........@oo.o....
###.##.########.
#.# #.######.#
#......... #
#.######.#
#.##.######.#
#............
####.#####..#


You could see 2 orc priests and an orc.

Vanquished Creatures
  Crazy Yiuf (D:2)
  3 gnolls (D:3)
  3 adders (D:2)
  5 dart slugs
  2 worms (D:2)
  4 endoplasms
  3 giant cockroaches
  3 hobgoblins
  5 jackals
  4 kobolds
  8 ball pythons
  2 bats (D:1)
  3 frilled lizards
  5 goblins
  4 rats
55 creatures vanquished.

Notes
Turn   | Place    | Note
-------+----------+-------------------------------------------
     0 | D:1      | Newt the Merfolk Fighter began the quest for the Orb.
     0 | D:1      | Reached XP level 1. HP: 18/18 MP: 1/1
   212 | D:1      | Reached XP level 2. HP: 25/25 MP: 2/2
   308 | D:1      | Reached skill level 1 in Dodging
   502 | D:1      | Reached XP level 3. HP: 24/30 MP: 3/3
   695 | D:1      | Found Vyonuakama's Jewellery Shoppe.
   856 | D:1      | Found Ehet's Weapon Shoppe.
   933 | D:1      | Found Pergh's Weapon Emporium.
  1302 | D:2      | Reached XP level 4. HP: 21/37 MP: 4/4
  1460 | D:2      | Found a runed translucent door.
  1461 | D:2      | Noticed Crazy Yiuf
  1898 | D:2      | Killed Crazy Yiuf
  1899 | D:2      | Reached XP level 5. HP: 29/42 MP: 5/5
  2195 | D:3      | Killed from afar by an orc priest

Illustrated notes

Levels and vault maps discovered:
D:1:      minmay_arrival_stair_chambers, layout_loops_corners, serial_shops,
          shop, shop, nicolae_shop_bloodbath_and_beyond, nrook_campfire,
          nicolae_figureground_pulse
D:2:      layout_basic, uniq_crazy_yiuf_cottage
D:3:      layout_basic, hellmonk_ecumenical_altar_inner_sanctum,
          grunt_ministairs_2

Skill      XL: |  1  2  3  4 |
---------------+-------------+-----
Fighting       | 4 |  4.0
Dodging        | 2 3 4 |  4.0
Long Blades    | 4 |  4.6
Armour         | |  2.1
Shields        | |  3.0

Action                     |  1- 3 |  4- 6 || total
---------------------------+-------+-------++-------
  Melee: Long sword        |   138 |    67 ||   205
    Use: Scroll            |     3 |     3 ||     6
         Potion            |       |     1 ||     1
 Armour: Scale mail        |    82 |    22 ||   104
  Dodge: Dodged            |    95 |    36 ||   131
  Block: Buckler           |    36 |    22 ||    58

Table legend: (Time is in decaauts)
 A = Elapsed time spent in this place.
 B = Non-inter-level travel time spent in this place.
 C = Inter-level travel time spent in this place.
 D = Time resting spent in this place.
 E = Time spent auto-exploring this place.
 F = Levels seen in this place.
 G = Mean time per level.
                   A        B        C        D        E       F      G
               +--------+--------+--------+--------+--------+-----+--------+
         Total |   2257 |   2187 |     70 |    137 |   1607 |   3 |  752.3 |
       Dungeon |   2257 |   2187 |     70 |    137 |   1607 |   3 |  752.3 |
               +--------+--------+--------+--------+--------+-----+--------+

Top non-repeatable levels by time:
     D:1: 1192 daAuts
     D:2: 809 daAuts
     D:3: 255 daAuts
